 Dungeon Crawl Stone Soup version 0.31.0-9-g3a7656b989 (webtiles) character file.

Game seed: 3041958014940861737

102 qw the Shooter (level 4, -2/28 (36) HPs)
             Began as a Demigod Hunter on Feb 2, 2024.
             Slain by a goblin
             ... wielding a +0 club
             ... led by Robin
              (3 damage)
             ... on level 3 of the Dungeon.
             The game lasted 00:00:06 (1698 turns).

qw the Shooter (Demigod Hunter)                     Turns: 1698, Time: 00:00:06

HP:   -2/28 (36)    AC:  5    Str: 12    XL:     4   Next: 26%
MP:   6/6           EV: 11    Int: 11    God:
Gold: 53            SH:  0    Dex: 21    Spells: 3/3 levels left

rFire   . . .        a - +0 shortbow
rCold   . . .        (shield currently unavailable)
rNeg    . . .        h - +0 ring mail
rPois   .            (no helmet)
rElec   .            (no cloak)
rCorr   .            (no gloves)
SInv    .            (no boots)
Will    +....        g - amulet of the acrobat
Stlth   +            j - ring of willpower
HPRegen 0.24/turn    (no ring)
MPRegen 0.10/turn

%: acrobat
@: heavily drained
A: high MP 1, forlorn, divine attributes
a: no special abilities


You were on level 3 of the Dungeon.
You visited 1 branch of the dungeon, and saw 3 of its levels.

You collected 117 gold pieces.
You spent 64 gold pieces at shops.


Innate Abilities, Weirdness & Mutations

You have an increased reservoir of magic. (+10% MP)
You shall have no god before yourself.
Your divine heritage dramatically boosts your attributes as you level up.


   Skills:
 - Level 2.0 Fighting
 - Level 5.0 Ranged Weapons
 + Level 0.7 Armour
 - Level 2.3 Dodging
 - Level 0.8 Stealth


You had 3 spell levels left.
You didn't know any spells.
Your spell library was empty.

Inventory:

Hand Weapons
 a - a +0 shortbow (weapon)
Armour
 h - a +0 ring mail (worn)
Jewellery
 g - an amulet of the acrobat (around neck)
 j - a ring of willpower (left hand)
Potions
 b - a potion of ambrosia {unknown}
 c - 2 potions of cancellation {unknown}
 d - a potion of enlightenment
 e - a potion of might {unknown}
 f - a potion of resistance
 i - a potion of curing {unknown}

Dungeon Overview and Level Annotations

Branches:
Dungeon (3/15)

Shops:
D:1 [


Message History

You shoot an arrow. The arrow completely misses Robin.
A rat comes into view.
A goblin comes into view. It is wielding a +2 vampiric dagger.
Robin throws the goblin at you!
You shoot an arrow. The arrow hits Robin!
Robin is almost dead.
The goblin barely misses you.
A goblin comes into view. It is wielding a +0 dagger.
Robin misses you.
You shoot an arrow. The arrow barely misses Robin.
The goblin hits you but does no damage.
You feel drained. Robin throws the goblin at you!
A goblin comes into view. It is wielding a +0 dagger.
A goblin comes into view. It is wielding a +0 club.
The goblin hits you with a +1 dagger of draining.
You feel drained. The goblin hits you with a +0 club.
The goblin moves out of view.
You shoot an arrow. The arrow closely misses Robin.
The goblin barely misses you. The goblin hits you with a +0 club.
You shoot an arrow. The arrow barely misses Robin.
The goblin hits you but does no damage.
You feel drained. The hobgoblin hits you.
The goblin hits you but does no damage.
You shoot an arrow. The arrow hits Robin.
You kill Robin!
The goblin hits you with a +1 dagger of draining.
You feel drained. The goblin hits you but does no damage.
The hobgoblin closely misses you. The goblin barely misses you. x2
The goblin hits you with a +1 dagger of draining.
You feel drained.
You shoot an arrow. The arrow hits the goblin.
The goblin is moderately wounded.
The goblin completely misses you. The goblin hits you but does no damage.
You feel drained. The hobgoblin hits you. The goblin hits you with a +0 club.
You shoot an arrow. The arrow barely misses the goblin.
The arrow closely misses the goblin.
The goblin no longer looks unusually strong.
The goblin hits you with a +1 dagger of draining.
You feel drained. The goblin hits you but does no damage.
The hobgoblin closely misses you. The goblin hits you with a +0 club.
You die...

....... .........
..........
..........
#.#........##
.........>..#
##..:.......#####
#.............g##
#..........###g@#
#......)..)#


##gggrg# #........## ###g#gg.. ##......## .# .. #######...# # ...## #.#..# ##..#
#.##>.# ##.###.# #... ##...##.#####.# You could see a hobgoblin (strong), 8
goblins and a rat.

Vanquished Creatures
  Terence (D:3)
  Robin (D:3)
  2 adders
  A dart slug (D:2)
  A ribbon worm (D:3)
  3 bats (D:1)
  5 endoplasms
  A giant cockroach (D:1)
  10 goblins
  3 hobgoblins
  5 ball pythons
  4 frilled lizards
  7 kobolds
  A rat (D:1)
45 creatures vanquished.

Notes
Turn   | Place    | Note
-------+----------+-------------------------------------------
     0 | D:1      | qw the Demigod Hunter began the quest for the Orb.
     0 | D:1      | Reached XP level 1. HP: 17/17 MP: 3/3
     0 | D:1      | 0 ||| qw: Version: 0.3-a-155-g5e7d8dd
     0 | D:1      | 0 ||| qw: Game counter: 485
     0 | D:1      | 0 ||| qw: Melee chars always use a shield: true
     0 | D:1      | 0 ||| qw: God list: Okawaru
     0 | D:1      | 0 ||| qw: Allow faded altars: false
     0 | D:1      | 0 ||| qw: Do Orc after clearing Dungeon:15 true
     0 | D:1      | 0 ||| qw: Do second Lair branch before Depths: true
     0 | D:1      | 0 ||| qw: Lair rune preference: random
     0 | D:1      | 0 ||| qw: Goals: Normal
     0 | D:1      | 0 ||| PLANNING D:1-11
   143 | D:1      | Reached skill level 4 in Ranged Weapons
   166 | D:1      | Reached XP level 2. HP: 24/24 MP: 4/4
   543 | D:1      | Found Efojal's Antique Armour Emporium.
   552 | D:1      | 552 ||| SHOPLISTING dyed leather armour (80 gold, have 66).
   552 | D:1      | 552 ||| SHOPLISTING helmet (72 gold, have 66).
   552 | D:1      | 552 ||| SHOPLISTING pair of boots (72 gold, have 66).
   552 | D:1      | 552 ||| BUYING ring mail (64 gold).
   552 | D:1      | Bought a ring mail for 64 gold pieces
   552 | D:1      | 552 ||| SHOPLISTING runed robe (59 gold, have 2).
   794 | D:1      | 794 ||| UPGRADING to +0 ring mail.
   804 | D:1      | 804 ||| DROPPING +0 leather armour.
   805 | D:1      | 805 ||| UPGRADING to amulet of the acrobat.
   810 | D:1      | 810 ||| DRINKING 2 fuming puce potions.
   811 | D:1      | 811 ||| DROPPING scroll of butterflies.
   849 | D:2      | Reached XP level 3. HP: 29/29 MP: 5/5
  1060 | D:2      | 1060 ||| FLEEEEING.
  1463 | D:2      | 1463 ||| UPGRADING to ring of willpower.
  1464 | D:2      | 1464 ||| READING scroll labelled LISOSATIEX.
  1465 | D:2      | 1465 ||| DRINKING 2 coppery potions.
  1527 | D:3      | Reached skill level 5 in Ranged Weapons
  1602 | D:3      | Noticed Terence
  1614 | D:3      | Killed Terence
  1615 | D:3      | Reached XP level 4. HP: 19/36 MP: 6/6
  1687 | D:3      | Noticed Robin
  1696 | D:3      | Killed Robin
  1697 | D:3      | HP: 7/29 [goblin/+0 club[Robin] (3)]
  1698 | D:3      | HP: 2/29 [goblin/+1 dagger of draining[Robin] (5)]
  1698 | D:3      | Slain by a goblin

Levels and vault maps discovered:
D:1:      beargit_arrival_diablo_church, layout_basic, serial_shops,
          nicolae_square_shop, chequers_ecumenical_altar_island
D:2:      layout_basic, serial_bayou_pond_e
D:3:      layout_rooms, serial_glass, glass_columns_c, glass_columns_a,
          glass_columns_b, glass_columns_a, item_on_display_a,
          due_unseen_surprise, item_on_display_a, item_on_display_a,
          uniq_grinder, uniq_terence, uniq_robin

Skill      XL: |  1  2  3 |
---------------+----------+-----
Ranged Weapons | 4 5 |  5.0
Fighting       | 2 |  2.0
Dodging        | 2 |  2.3
Armour         | |  0.7
Stealth        | |  0.8

Action                     |  1- 3 |  4- 6 || total
---------------------------+-------+-------++-------
   Fire: Shortbow          |   122 |    13 ||   135
    Use: Potion            |     2 |       ||     2
         Scroll            |     1 |       ||     1
 Armour: Leather armour    |    26 |       ||    26
         Ring mail         |    17 |    17 ||    34
  Dodge: Dodged            |    31 |     8 ||    39

Table legend:
 A = Non-vault XP
 B = Vault XP
 C = Vault XP percentage of total XP
 D = Non-vault monster count
 E = Vault monster count
 F = Vault count percentage of total count
                 A         B        C        D         E       F
            +---------+---------+-------+---------+---------+-------
      Total |      96 |      51 |  34.7 |      41 |       4 |   8.9
            +---------+---------+-------+---------+---------+-------
        D:1 |      47 |       0 |   0.0 |      28 |       0 |   0.0
        D:2 |      30 |       0 |   0.0 |      10 |       0 |   0.0
        D:3 |      19 |      51 |  72.9 |       3 |       4 |  57.1
            +---------+---------+-------+---------+---------+-------
